 Dungeon Crawl Stone Soup version 0.31-a0-435-g2c6fae2916 (webtiles) character file.

Game seed: 12150760555009247365

5582 lunkers the Martial Artist (level 11, -14/94 HPs)
             Began as a Meteoran Shapeshifter on Aug 1, 2023.
             Was the Champion of Jiyva.
             Killed from afar by a deep elf zephyrmancer (30 damage)
             ... with a bolt of lightning
             ... on level 2 of the Orcish Mines.
             The game lasted 00:13:02 (4667 turns).

lunkers the Martial Artist (Meteoran Shapeshifter)  Turns: 4667, Time: 00:13:03

Health: -14/94     AC:  6    Str: 16    XL:     11   Next: 22%
Magic:  12/12      EV: 14    Int: 12    God:    Jiyva [******]
Gold:   404        SH:  5    Dex: 18    Spells: 10/10 levels left

rFire   + +          .
                       - Unarmed
rCold   . . .        (no shield)
rNeg    . . .        s - +3 scale mail
rPois   +            (helmet currently unavailable)
rElec   .            (cloak currently unavailable)
rCorr   +            (gloves currently unavailable)
SInv    .            (boots currently unavailable)
Will    ++...        i - amulet of reflection Stlth
                     e - ring of poison resistance
HPRegen 1.95/turn    (no ring)
MPRegen 0.63/turn

%: reflection
@: beast-form, glowing
A: beast (slay +5), sense surroundings 2, otherworldly, glowing, explore regen,
fire resistance 2, strong-willed 1, pseudopods 3, jelly sensing items
a: Begin Untransformation, Renounce Religion, Oozemancy, Slimify


You were on level 2 of the Orcish Mines.
You worshipped Jiyva.
Jiyva was exalted by your worship.
You were a hulking beast.
You visited 2 branches of the dungeon, and saw 11 of its levels.
You also visited: Ossuary.

You collected 404 gold pieces.

Inventory:

Missiles
 a - a throwing net
Armour
 d - a +1 hat of see invisible
 j - a +1 ring mail
 s - a +3 scale mail (worn)
 u - a +2 hat
Jewellery
 e - a ring of poison resistance (left hand)
 i - an amulet of reflection (around neck)
Talismans
 c - a beast talisman (active)
Wands
 b - a wand of charming (20)
 t - a wand of flame (34)
Scrolls
 f - a scroll of vulnerability
 k - 3 scrolls of identify
 n - a scroll of enchant weapon
 o - a scroll of blinking
 p - 2 scrolls of teleportation
 q - a scroll of revelation
 r - a scroll of fear
Potions
 g - 4 potions of haste
 h - 5 potions of ambrosia
 l - 4 potions of curing
 m - 3 potions of attraction


   Skills:
 + Level 7.8 Fighting
 + Level 8.7 Dodging
 * Level 12.3 Unarmed Combat
 + Level 7.9 Shapeshifting


You had 10 spell levels left.
You didn't know any spells.
Your spell library contained the following spells:

 Spells                   Type           Power      Damage    Failure   Level
 Kiss of Death            Conj/Necr      0%         2d5       77%         1
 Confusing Touch          Hex            0%         N/A       98%         3
 Gell's Gravitas          Tloc           0%         N/A       98%         3
 Teleport Other           Tloc           0%         N/A       98%         3
 Dispel Undead            Necr           0%         3d6       100%        4
 Dispersal                Tloc           0%         N/A       100%        6


Dungeon Overview and Level Annotations

Branches:
Dungeon (9/15) Zot: 1189   Temple (0/1) D:6             Orc (2/2) D:9 Zot: 993
Ossuary (visited)
   Lair: D:8-11         Elf: Orc:2

Altars:
Ashenzari
Dithmenos
Gozag
Nemelex Xobeh
Sif Muna
Uskayaw
Jiyva

Shops:
D:8 ?


Innate Abilities, Weirdness & Mutations

You are a hulking beast.
Your limbs bulge with bestial killing power. (Slay +5)
You passively map the area around you.
You are easily found by Zot.
You glow in the dark.
You regain HP and MP as you explore.
Your flesh is very heat resistant. (rF++)
You are strong-willed. (Will+)
Armour fits poorly on your massive pseudopods.
You have a small jelly attached to you that senses nearby items.


Message History

You hit the fire elemental.
The fire elemental is severely damaged.
The fire elemental hits you. The fire elemental burns you! You resist.
The deep elf zephyrmancer mumbles some strange words.
The deep elf zephyrmancer blinks!
You barely miss the fire elemental. You bludgeon the fire elemental!
The fire elemental is almost destroyed.
The fire elemental hits you. The fire elemental burns you! You resist.
You punch the fire elemental!
The fire elemental is heavily damaged.
The fire elemental hits you. The fire elemental burns you! You resist.
You block the fire elemental's attack.
You punch the fire elemental! You bludgeon the fire elemental!
The fire elemental is almost destroyed.
The fire elemental closely misses you. The fire elemental hits you.
The fire elemental burns you! You resist.
The deep elf pyromancer gestures wildly while chanting.
You punch the fire elemental!
You destroy the fire elemental!
The fire elemental disappears in a puff of smoke!
The fire elemental hits you. The fire elemental burns you! You resist.
You miss the deep elf pyromancer.
The deep elf pyromancer is almost dead.
You block the fire elemental's attack.
You pummel the deep elf pyromancer!!
You kill the deep elf pyromancer!
The fire elemental disappears in a puff of smoke! x2
The deep elf zephyrmancer casts a spell at you.
The bolt of lightning hits you!!
* * * LOW HITPOINT WARNING * * *
The bolt of lightning hits you!!!
* * * LOW HITPOINT WARNING * * *
You shudder from the blast and a jelly pops out!
You hear a shout! x2
There is a large open door here.
You see here a +0 short sword.
A crimson imp opens the door.
A shadow imp opens the door.
The deep elf zephyrmancer points at you and mumbles some strange words.
The bolt of lightning hits you!!
You die...

#........# ###.......#
##.......#
#.......####.........#
#.......##
.....................###......##
.............................##
.#..#.....##############....##
.#.####...# ########## #....##
*## #...# #[[J..'::# #.#.#.## ,
#...# ####)'#### #......# **
#...####..h§..# #...#..##
....##.'.☼e§°.'5##...#....*
,.....####....°.####...#...., ,
* ###......# *#....#... ,
#.'.☼..☼.'5*#........ ,,**
###......####........ ,** ,
,######''######........ ,
....................... * ,
.......................


You could see a deep elf zephyrmancer (ally target), a crimson imp, a shadow imp
and a friendly azure jelly (summoned).

Vanquished Creatures
  Pikel (D:8)
  A cyclops (Orc:2)
  A deep elf pyromancer (Orc:2)
  A hornet (D:8)
  A wyvern (D:6)
  3 shadows (D:9)
  An acid dragon (D:8)
  A water moccasin (D:6)
  A swamp drake (Orc:2)
  A black bear (D:6)
  6 orc warriors
  3 wolves (D:8)
  An ogre (D:6)
  2 kobold brigands
  2 bullfrogs (D:7)
  A scorpion (D:4)
  A gnoll sergeant (D:7)
  3 water moccasin zombies (Ossuary)
  Dowan (D:4)
  4 howler monkeys
  3 hounds
  8 orc priests
  An iron imp (Orc:2)
  2 iguanas
  Ijyb (D:3)
  Natasha (D:2)
  10 orc wizards
  A sleepcap (D:6)
  8 ogre zombies (D:9)
  2 mummies (Ossuary)
  9 gnolls (D:7)
  11 adders
  2 river rats (D:4)
  2 shadow imps
  3 white imps
  2 adder zombies (Ossuary)
  6 worms
  A dart slug (D:3)
  40 orcs
  4 giant cockroaches
  4 gnoll zombies (Ossuary)
  5 hobgoblins
  4 jackals (D:3)
  4 quokkas
  6 ball pythons
  A bat (D:1)
  A frilled lizard (D:2)
  4 goblins
  5 goblin zombies (D:9)
  5 hobgoblin zombies (Ossuary)
  17 kobolds
  A kobold zombie (Ossuary)
  2 orc skeletons (D:9)
  20 orc zombies
  6 rats
  A spectral kobold (D:1)
239 creatures vanquished.

Vanquished Creatures (collateral kills)
  Grum (D:8)
  Duvessa (D:4)
  A wolf (D:8)
  A kobold (D:4)
4 creatures vanquished.

Vanquished Creatures (others)
  An orc warrior (Orc:1)
  A centaur (D:8)
  A killer bee (D:8)
  8 jellies
  A hound (D:7)
  Crazy Yiuf (D:3)
  An orc wizard (D:5)
  An adder (D:4)
  3 endoplasms
  9 orcs
  A bat (D:2)
  4 goblins
  A hobgoblin (D:2)
  A jackal (D:1)
  A frilled lizard (D:1)
  A kobold (D:2)
  A rat (D:1)
37 creatures vanquished.

Grand Total: 280 creatures vanquished

Notes
Turn   | Place    | Note
-------+----------+-------------------------------------------
     0 | D:1      | lunkers the Meteoran Shapeshifter began the quest for the
                  | Orb.
     0 | D:1      | Reached XP level 1. HP: 16/16 MP: 2/2
   115 | D:1      | Reached XP level 2. HP: 23/23 MP: 3/3
   191 | D:1      | Found a faded altar of an unknown god.
   201 | D:1      | Prayed at the altar of an unknown god.
   201 | D:1      | Became a worshipper of Jiyva Joet the Shapeless
   201 | D:1      | Reached * piety under Jiyva
   344 | D:1      | Reached skill level 4 in Unarmed Combat
   497 | D:1      | Glimpsed the power of Zot.
   546 | D:2      | Reached ** piety under Jiyva
   573 | D:2      | Reached XP level 3. HP: 27/28 MP: 4/4
   762 | D:2      | Noticed Natasha
   770 | D:2      | Killed Natasha
   771 | D:2      | Reached XP level 4. HP: 36/36 MP: 5/5
   778 | D:3      | Noticed Ijyb
   791 | D:3      | Killed Ijyb
   792 | D:3      | Reached XP level 5. HP: 41/41 MP: 6/6
   970 | D:3      | Reached skill level 5 in Unarmed Combat
  1031 | D:3      | Reached *** piety under Jiyva
  1055 | D:3      | Found a shadowy altar of Dithmenos.
  1071 | D:3      | Killed Crazy Yiuf
  1183 | D:3      | Gained mutation: Your flesh is heat resistant. (rF+)
                  | [Jiyva's grace]
  1183 | D:3      | Gained mutation: Your flesh is very heat resistant. (rF++)
                  | [Jiyva's grace]
  1183 | D:3      | Gained mutation: Your flesh is almost immune to the effects
                  | of heat. (rF+++) [Jiyva's grace]
  1183 | D:3      | Gained mutation: You are strong-willed. (Will+) [Jiyva's
                  | grace]
  1228 | D:3      | Found a shimmering blue altar of Sif Muna.
  1259 | D:3      | Found a runed translucent door.
  1315 | D:4      | Found a sand-covered staircase.
  1354 | Ossuary  | Entered an ossuary
  1376 | Ossuary  | Reached XP level 6. HP: 41/50 MP: 7/7
  1435 | Ossuary  | Reached skill level 6 in Unarmed Combat
  1435 | Ossuary  | Reached XP level 7. HP: 56/57 MP: 8/8
  1470 | Ossuary  | Reached **** piety under Jiyva
  1787 | D:4      | Noticed Duvessa
  1788 | D:4      | Noticed Dowan
  1813 | D:4      | Killed Duvessa
  1853 | D:4      | Killed Dowan
  1854 | D:4      | Reached skill level 5 in Shapeshifting
  1854 | D:4      | Reached XP level 8. HP: 63/66 MP: 9/9
  1922 | D:4      | Reached skill level 7 in Unarmed Combat
  2011 | D:5      | Entered Level 5 of the Dungeon
  2165 | D:5      | Found a sparkling altar of Nemelex Xobeh.
  2487 | D:5      | Reached ***** piety under Jiyva
  2796 | D:6      | Reached skill level 5 in Dodging
  2864 | D:6      | Found a staircase to the Ecumenical Temple.
  2919 | D:6      | Reached skill level 8 in Unarmed Combat
  3034 | D:6      | Gained mutation: You passively map the area around you.
                  | [Meteoran growth]
  3034 | D:6      | Reached XP level 9. HP: 70/73 MP: 10/10
  3067 | D:6      | Lost mutation: Your flesh is almost immune to the effects
                  | of heat. (rF+++) [Jiyva's grace]
  3067 | D:6      | Gained mutation: You have a small jelly attached to you
                  | that senses nearby items. [Jiyva's grace]
  3067 | D:6      | Gained mutation: Armour fits poorly on your pseudopods.
                  | [Jiyva's grace]
  3067 | D:6      | Gained mutation: Armour fits poorly on your large
                  | pseudopods. [Jiyva's grace]
  3067 | D:6      | Gained mutation: Armour fits poorly on your massive
                  | pseudopods. [Jiyva's grace]
  3172 | D:6      | Reached skill level 5 in Fighting
  3218 | D:7      | Reached skill level 9 in Unarmed Combat
  3549 | D:7      | Found a hide-covered altar of Uskayaw.
  3718 | D:7      | Found a broken altar of Ashenzari.
  3720 | D:7      | Found an opulent altar of Gozag.
  3797 | D:8      | Noticed Grum
  3816 | D:8      | Killed Grum
  3817 | D:8      | Reached skill level 10 in Unarmed Combat
  3817 | D:8      | Reached XP level 10. HP: 24/83 MP: 11/11
  3919 | D:8      | Noticed Pikel
  3930 | D:8      | Killed Pikel
  4050 | D:8      | Reached skill level 11 in Unarmed Combat
  4146 | D:8      | Reached ****** piety under Jiyva
  4233 | D:8      | Found Ziucliar's Magic Scroll Shoppe.
  4361 | D:9      | Found a staircase to the Orcish Mines.
  4434 | D:9      | Identified the +8 war axe "Faradu" {drain, *Noise rF+++
                  | rC+}
  4442 | Orc:1    | Entered Level 1 of the Orcish Mines
  4471 | Orc:1    | HP: 4/86 [orc wizard/magic dart (4)]
  4501 | Orc:2    | Entered Level 2 of the Orcish Mines
  4583 | Orc:2    | Noticed a cyclops
  4594 | Orc:2    | Killed a cyclops
  4595 | Orc:2    | Reached skill level 12 in Unarmed Combat
  4595 | Orc:2    | Reached XP level 11. HP: 79/92 MP: 12/12
  4646 | Orc:2    | Noticed a deep elf zephyrmancer
  4648 | Orc:2    | Noticed a deep elf pyromancer
  4665 | Orc:2    | Killed a deep elf pyromancer
  4667 | Orc:2    | Killed from afar by a deep elf zephyrmancer

Illustrated notes

Levels and vault maps discovered:
D:1:      moated_graveyard_arrival, layout_loops_corners,
          dreamdust_ecumenical_altar_drowned_temple
D:2:      layout_rooms, serial_forest, infiniplex_forest_clump_C,
          infiniplex_forest_lined_3_way, infiniplex_forest_clump_small,
          infiniplex_forest_straight_2, infiniplex_forest_clump_tiny,
          infiniplex_forest_lined_room_, infiniplex_forest_zigzag_1,
          uniq_natasha, uniq_terence
D:3:      minmay_razor_zed, layout_rooms, lemuel_tele_altar,
          gammafunk_temple_overflow_arena, mainiacjoe_overflow_alcove_1,
          serial_curves, eino_curves_04, eino_curves_01, eino_curves_01,
          eino_curves_02, wad_floor_pattern_untrapped, uniq_ijyb,
          uniq_crazy_yiuf_cottage
D:4:      minmay_thinvault, layout_basic, enter_ossuary_1,
          gup_sewer_entry_bubbles, uniq_duvessa
D:5:      layout_basic, lemuel_coloured_pillars_altar
D:6:      layout_rooms, minmay_temple_entry_trees
D:7:      layout_loops_ring, nicolae_overflow_hidden_temple, minmay_statues_item
D:8:      layout_cave_pods, minmay_shop_grid_forest, uniq_grum, uniq_pikel
D:9:      layout_small_grid, nicolae_hepliaklqana_hazy_memory,
          zombieorc2_lemuel, corner_web_ring
Orc:1:    layout_caves, serial_shops, nicolae_shop_hallway_stairs,
          hellmonk_jugg_or_not
Orc:2:    st_orc_elflike, layout_diamond_mine, special_room,
          hangedman_minor_magic, uniq_azrael, uniq_donald

Skill      XL: |  1  2  3  4  5  6  7  8  9 10 |
---------------+-------------------------------+-----
Unarmed Combat | 4 5 6 8 10 12 | 12.3
Fighting       | 2 3 4 6 7 |  7.8
Dodging        | 3 4 5 7 8 |  8.7
Shapeshifting  | 4 5 6 7 |  7.9

Action                     |  1- 3 |  4- 6 |  7- 9 | 10-12 || total
---------------------------+-------+-------+-------+-------++-------
  Melee: Unarmed           |    60 |   117 |   270 |   210 ||   657
         Punch             |     1 |     9 |     9 |     8 ||    27
         Pseudopods        |       |       |    17 |    38 ||    55
  Evoke: Wand              |       |       |     1 |       ||     1
    Use: Potion            |       |     1 |     1 |       ||     2
         Scroll            |       |       |    14 |     1 ||    15
   Stab: Distracted        |       |       |     1 |       ||     1
 Armour: Animal skin       |    11 |       |       |       ||    11
         Skin              |       |    33 |       |       ||    33
         Ring mail         |       |    44 |    65 |       ||   109
         Scale mail        |       |       |     8 |    57 ||    65
  Dodge: Dodged            |    33 |    66 |    93 |    90 ||   282
  Block: Other             |       |       |    38 |    27 ||    65
         Reflection        |       |       |     4 |       ||     4

Table legend: (Time is in decaauts)
 A = Elapsed time spent in this place.
 B = Non-inter-level travel time spent in this place.
 C = Inter-level travel time spent in this place.
 D = Time resting spent in this place.
 E = Time spent auto-exploring this place.
 F = Levels seen in this place.
 G = Mean time per level.
                   A        B        C        D        E       F      G
               +--------+--------+--------+--------+--------+-----+--------+
         Total |   4581 |   4486 |     95 |      0 |   2773 |  12 |  381.8 |
       Dungeon |   4210 |   4115 |     95 |      0 |   2686 |   9 |  467.8 |
  Orcish Mines |    206 |    206 |      0 |      0 |     25 |   2 |  103.0 |
       Ossuary |    165 |    165 |      0 |      0 |     62 |   1 |  165.0 |
               +--------+--------+--------+--------+--------+-----+--------+

Top non-repeatable levels by time:
     D:5: 777 daAuts
     D:8: 574 daAuts
     D:4: 555 daAuts
     D:7: 549 daAuts
     D:1: 541 daAuts
     D:3: 500 daAuts
     D:6: 376 daAuts
     D:2: 235 daAuts
 Ossuary: 165 daAuts
   Orc:2: 151 daAuts
     D:9: 99 daAuts
   Orc:1: 54 daAuts
